 Dungeon Crawl Stone Soup version 0.28.0-45-g0d030f2227 (webtiles) character file.

Game seed: 9858812664503591666

2540 MisterFreud the Covert (level 9, 0/74 HPs)
             Began as a Gnoll Delver on May 15, 2022.
             Was a High Priest of Ignis.
             Slain by a troll (11 damage)
             ... on level 7 of the Dungeon.
             The game lasted 00:12:10 (9277 turns).

MisterFreud the Covert (Gnoll Delver)               Turns: 9277, Time: 00:12:11

Health: 0/74       AC:  7    Str: 17    XL:     9   Next: 55%
Magic:  15/15      EV: 13    Int: 15    God:    Ignis [*****.]
Gold:   411        SH:  6    Dex: 13    Spells: 16/16 levels left

rFire   + . .      SeeInvis .   w - +0 dagger (elec)
rCold   . . .      Faith    .   k - +1 buckler
rNeg    . . .      Spirit   .   b - +0 leather armour
rPois   .          Reflect  .   (no helmet)
rElec   .          Harm     .   J - +0 cloak
rCorr   .          Rampage  .   p - +0 pair of gloves
Will    .....                   l - +0 pair of boots
Stlth   ++++......              (no amulet)
HPRegen 0.22/turn               m - ring of wizardry
MPRegen 0.14/turn               h - +6 ring of strength

@: no status effects
A: fangs 1, strong nose, distributed training
a: Renounce Religion, Fiery Armour, Foxfire Swarm, Rising Flame


You were on level 7 of the Dungeon.
You worshipped Ignis.
Ignis was extremely pleased with you.
You visited 1 branch of the dungeon, and saw 7 of its levels.

You collected 411 gold pieces.

Inventory:

Hand Weapons
 a - a +1 short sword
 w - a +0 dagger of electrocution (weapon)
 I - a +4 quarterstaff of chaos
Missiles
 f - 16 poisoned darts (quivered)
 o - 5 throwing nets
 q - 5 curare-tipped darts
 r - 4 boomerangs
 z - 6 javelins
Armour
 b - a +0 leather armour (worn)
 k - a +1 buckler (worn)
 l - a +0 pair of boots (worn)
 p - a +0 pair of gloves (worn)
 J - a +0 cloak (worn)
Jewellery
 d - a ring of flight
 h - a +6 ring of strength (right hand)
 m - a ring of wizardry (left hand)
 y - a ring of wizardry
Wands
 g - a wand of digging (3)
 j - a wand of paralysis (6)
 n - a wand of polymorph (7)
 x - a wand of flame (25)
Scrolls
 c - 4 scrolls of fog
 e - 3 scrolls of fear
 i - 2 scrolls of magic mapping
 u - a scroll of immolation
 v - a scroll of noise
 E - a scroll of teleportation
 G - 2 scrolls of identify
 H - a scroll of blinking
 K - a scroll of vulnerability {unknown}
Potions
 s - 2 potions of curing
 t - a potion of brilliance
 A - 2 potions of heal wounds
 B - 2 potions of resistance {unknown}
 C - a potion of magic
 D - 2 potions of cancellation {unknown}
 F - 2 potions of attraction {unknown}
 L - 2 potions of mutation {unknown}


   Skills:
 + Level 7.9 Fighting
 + Level 6.4 Short Blades
 + Level 4.3 Long Blades
 + Level 4.3 Axes
 + Level 4.3 Maces & Flails
 + Level 4.3 Polearms
 + Level 4.3 Staves
 + Level 4.3 Slings
 + Level 4.3 Bows
 + Level 4.3 Crossbows
 + Level 4.3 Throwing
 + Level 4.3 Armour
 + Level 6.4 Dodging
 + Level 10.5 Stealth
 + Level 4.3 Shields
 + Level 4.3 Unarmed Combat
 + Level 4.3 Spellcasting
 + Level 3.6 Conjurations
 + Level 3.6 Hexes
 + Level 3.6 Summonings
 + Level 3.6 Necromancy
 + Level 3.6 Translocations
 + Level 3.6 Transmutations
 + Level 3.6 Fire Magic
 + Level 3.6 Ice Magic
 + Level 3.6 Air Magic
 + Level 3.6 Earth Magic
 + Level 3.6 Poison Magic
 + Level 4.8 Invocations
 + Level 4.3 Evocations


You had 16 spell levels left.
You didn't know any spells.
Your spell library contained the following spells:

 Spells                   Type           Power      Damage    Failure   Level
 Corpse Rot               Necr/Air       28%        N/A       4%          2
 Passwall                 Tmut/Erth      11%        N/A       4%          2
 Static Discharge         Conj/Air       14%        N/A       4%          2
 Gell's Gravitas          Tloc           14%        N/A       8%          3
 Lesser Beckoning         Tloc           14%        N/A       8%          3
 Teleport Other           Tloc           14%        N/A       8%          3
 Airstrike                Air            7%         N/A       24%         4
 Dispel Undead            Necr           14%        3d10      24%         4
 Leda's Liquefaction      Hex/Erth       7%         N/A       24%         4
 Sticky Flame             Conj/Fire      14%        2d4       24%         4
 Storm Form               Tmut/Air       7%         N/A       100%        7


Dungeon Overview and Level Annotations

Branches:
Dungeon (7/15)             Temple (0/1) D:7

Altars:
Qazlal
Ignis

Shops:
D:1 [


Innate Abilities, Weirdness & Mutations

You have very sharp teeth.
Your uncanny sense of smell can sniff out nearby items.
Your experience applies equally to all skills.


Message History

There is an open door here.
There is an open door here.
You open the door.
There is an open door here.
F - 2 cyan potions (gained 1)
You open the door.
There is an open door here.
A troll comes into view.
The troll shouts!
The troll barely misses you. The troll claws you!
The troll claws you but does no damage.
You hit the troll but do no damage. You bite the troll, but do no damage.
The troll bites you. You block the troll's attack.
The troll claws you but does no damage.
You hit the troll but do no damage.
A sky beast comes into view.
The troll bites you but does no damage. The troll claws you.
You block the troll's attack.
You hit the troll but do no damage. The troll closely misses you. x2
The troll claws you but does no damage.
You closely miss the troll. You bite the troll.
The troll is lightly wounded.
You hit the troll.
The troll is lightly wounded.
The troll barely misses you. The troll claws you. You block the troll's attack.
You hit the troll. You bite the troll, but do no damage.
The troll is lightly wounded.
The troll barely misses you. The troll claws you! The troll closely misses you.
You hit the troll.
The troll is lightly wounded.
You closely miss the troll.
The troll is lightly wounded.
The troll bites you! The troll claws you!
* * * LOW HITPOINT WARNING * * *
The troll claws you!
* * * LOW HITPOINT WARNING * * *
You hit the troll.
The troll is moderately wounded.
The troll bites you!
You die...

##.....# #.......
### #........ ∆
... +........ #.#
#........ ##.##
##....... .Y.
##.....# #T#
##...## #@# ##+#
#.# #.# #.# #.#
#.# #####.### #.#
#........ #.#
#.#......
#.########.##...#.
#........(..##.##.
#########.........


You could see a troll and a sky beast.

Vanquished Creatures
  A troll (D:7)
  Eustachio (D:5)
  Grum (D:5)
  Menkaure (D:5)
  A water moccasin (D:6)
  A hornet zombie (D:5)
  An ice beast (D:6)
  2 ogres
  A wolf (D:6)
  A phantom (D:5)
  2 bullfrogs
  2 gnoll sergeants
  A water moccasin zombie (D:5)
  3 scorpions
  A howler monkey (D:5)
  A centaur zombie (D:5)
  6 hounds
  Crazy Yiuf (D:5)
  A bullfrog skeleton (D:5)
  2 gnoll shamans
  2 iguanas
  A hound skeleton (D:4)
  25 gnolls
  2 howler monkey skeletons
  6 adders
  A shadow imp (D:5)
  A white imp (D:5)
  An ufetubus (D:6)
  An adder skeleton (D:4)
  A worm (D:3)
  A dart slug (D:1)
  5 orcs
  6 ball pythons
  6 bats
  3 endoplasms
  A giant cockroach (D:3)
  7 hobgoblins
  16 jackals
  7 kobolds
  6 quokkas
  8 frilled lizards
  8 goblins
  2 rats
148 creatures vanquished.

Vanquished Creatures (others)
  2 withered plants (D:1)
2 creatures vanquished.

Grand Total: 150 creatures vanquished

Notes
Turn   | Place    | Note
-------+----------+-------------------------------------------
     0 | D:5      | Reached skill level 9 in Stealth
     0 | D:5      | MisterFreud the Gnoll Delver began the quest for the Orb.
     0 | D:5      | Reached XP level 1. HP: 23/23 MP: 1/1
     6 | D:5      | Noticed Eustachio
    14 | D:5      | Noticed a quasit
    25 | D:5      | Noticed a hound
    34 | D:5      | Noticed a crimson imp
    35 | D:5      | Noticed Menkaure
   200 | D:3      | You fall into a shaft and drop 1 floor!
   333 | D:3      | Reached XP level 2. HP: 21/29 MP: 2/2
   532 | D:1      | Got the Tome of Stones and the Birds
   664 | D:1      | Reached XP level 3. HP: 33/35 MP: 3/3
   772 | D:1      | Found Fiysk's Antique Armour Shop.
   958 | D:1      | Reached skill level 1 in Invocations
  1067 | D:1      | Found a faded altar of an unknown god.
  1139 | D:1      | Prayed at the altar of an unknown god.
  1139 | D:1      | Became a worshipper of Ignis, the Dying Flame
  1677 | D:2      | Reached skill level 1 in Long Blades
  1677 | D:2      | Reached skill level 1 in Axes
  1677 | D:2      | Reached skill level 1 in Maces & Flails
  1677 | D:2      | Reached skill level 1 in Polearms
  1677 | D:2      | Reached skill level 1 in Staves
  1677 | D:2      | Reached skill level 1 in Slings
  1677 | D:2      | Reached skill level 1 in Bows
  1677 | D:2      | Reached skill level 1 in Crossbows
  1677 | D:2      | Reached skill level 1 in Throwing
  1677 | D:2      | Reached skill level 1 in Armour
  1677 | D:2      | Reached skill level 1 in Shields
  1677 | D:2      | Reached skill level 1 in Unarmed Combat
  1677 | D:2      | Reached skill level 1 in Spellcasting
  1677 | D:2      | Reached skill level 1 in Evocations
  1916 | D:2      | Reached XP level 4. HP: 33/41 MP: 5/5
  2691 | D:3      | Reached skill level 1 in Conjurations
  2691 | D:3      | Reached skill level 1 in Hexes
  2691 | D:3      | Reached skill level 1 in Summonings
  2691 | D:3      | Reached skill level 1 in Necromancy
  2691 | D:3      | Reached skill level 1 in Translocations
  2691 | D:3      | Reached skill level 1 in Transmutations
  2691 | D:3      | Reached skill level 1 in Fire Magic
  2691 | D:3      | Reached skill level 1 in Ice Magic
  2691 | D:3      | Reached skill level 1 in Air Magic
  2691 | D:3      | Reached skill level 1 in Earth Magic
  2691 | D:3      | Reached skill level 1 in Poison Magic
  3110 | D:4      | Reached XP level 5. HP: 33/47 MP: 5/7
  3507 | D:4      | Reached XP level 6. HP: 31/53 MP: 8/8
  3648 | D:4      | Reached skill level 5 in Short Blades
  3648 | D:4      | Reached skill level 5 in Dodging
  4366 | D:5      | Reached XP level 7. HP: 20/59 MP: 10/10
  5118 | D:6      | Reached skill level 10 in Stealth
  5288 | D:6      | Reached XP level 8. HP: 36/67 MP: 12/12
  5647 | D:5      | Found a stormy altar of Qazlal.
  5883 | D:6      | HP: 2/67 [gnoll/+0 halberd (8)]
  7197 | D:5      | Killed Eustachio
  7273 | D:5      | Reached XP level 9. HP: 67/72 MP: 14/14
  7323 | D:5      | Noticed Grum
  7326 | D:5      | Killed Menkaure
  7653 | D:5      | Killed Grum
  8684 | D:5      | Found a runed translucent door.
  8685 | D:5      | Noticed Crazy Yiuf
  8865 | D:5      | Killed Crazy Yiuf
  9057 | D:7      | Noticed a troll
  9061 | D:7      | Killed a troll
  9167 | D:7      | Found a staircase to the Ecumenical Temple.
  9262 | D:7      | Noticed a troll
  9277 | D:7      | Slain by a troll

Illustrated notes

Levels and vault maps discovered:
D:1:      dpeg_arrival_rhombi, layout_basic,
          shapermc_ecumenical_altar_flowoftime, serial_shops, shop
D:2:      layout_loops_ring, hex_medium, minmay_pentomino_t4
D:3:      layout_rooms
D:4:      layout_loops_ring, minmay_fractal_squares_5
D:5:      layout_cave_pools, mainiacjoe_overflow_catwalk, serial_gnoll_camp,
          grums_kennel, gnoll_camp_mini_doghouse, gnoll_camp_medium_02,
          gnoll_camp_mini_sergeant, gnoll_camp_mini_hut, uniq_menkaure,
          uniq_eustachio, uniq_crazy_yiuf_cottage, uniq_edmund
D:6:      layout_gridville
D:7:      layout_loops_corners, minmay_temple_entry_enclosed_plants,
          serial_shops, nicolae_shop_behind_doors

Skill      XL: |  1  2  3  4  5  6  7  8  9 |
---------------+----------------------------+-----
Stealth        | 10 | 10.5
Invocations    | 1 2 3 4 |  4.8
Long Blades    | 1 2 3 4 |  4.3
Axes           | 1 2 3 4 |  4.3
Maces & Flails | 1 2 3 4 |  4.3
Polearms       | 1 2 3 4 |  4.3
Staves         | 1 2 3 4 |  4.3
Slings         | 1 2 3 4 |  4.3
Bows           | 1 2 3 4 |  4.3
Crossbows      | 1 2 3 4 |  4.3
Throwing       | 1 2 3 4 |  4.3
Armour         | 1 2 3 4 |  4.3
Shields        | 1 2 3 4 |  4.3
Unarmed Combat | 1 2 3 4 |  4.3
Spellcasting   | 1 2 3 4 |  4.3
Evocations     | 1 2 3 4 |  4.3
Conjurations   | 1 2 3 |  3.6
Hexes          | 1 2 3 |  3.6
Summonings     | 1 2 3 |  3.6
Necromancy     | 1 2 3 |  3.6
Translocations | 1 2 3 |  3.6
Transmutations | 1 2 3 |  3.6
Fire Magic     | 1 2 3 |  3.6
Ice Magic      | 1 2 3 |  3.6
Air Magic      | 1 2 3 |  3.6
Earth Magic    | 1 2 3 |  3.6
Poison Magic   | 1 2 3 |  3.6
Short Blades   | 5 6 |  6.4
Dodging        | 5 6 |  6.4
Fighting       | 7 |  7.9

Action                   |  1- 3 |  4- 6 |  7- 9 || total
-------------------------+-------+-------+-------++-------
Melee: Short sword       |   119 |   160 |       ||   279
       Punch             |     2 |       |       ||     2
       Bite              |    12 |    21 |    47 ||    80
       Dagger            |       |    26 |   340 ||   366
  Use: Scroll            |     3 |       |     6 ||     9
       Potion            |     1 |       |     1 ||     2
 Stab: Sleeping          |    13 |    11 |    10 ||    34
       Distracted        |       |     2 |     1 ||     3
Armor: Leather armour    |    29 |    31 |    55 ||   115
Dodge: Dodged            |    83 |    91 |   190 ||   364
Block: Buckler           |     4 |    29 |    93 ||   126
